Map: Ulrena

Players

vNmMasterT - Winner!

  • Race: Terran Terran
  • League: Platinum

LilDicky

  • Race: Terran Terran
  • League: Diamond

VOD

http://www.twitch.tv/tumescentpie

Description

Time

  • Played on: Dec. 10, 2015, 2:53 p.m.
  • Length: 8:32
Show
View Real Time Build Order
Export as new Build Order

vNmMasterT Terran - Winner!

Build Orders: 1/1/1, Banshee Rush 

Get SALT Encoding   

  12  0:01  SCV  
  13  0:13  SCV  
  14  0:18  Supply Depot  
  14  0:25  SCV  
  15  0:39  Refinery  
  15  0:40  SCV  
  16  0:45  Barracks  
  16  0:52  SCV  
  17  1:04  SCV  
  18  1:16  SCV  
  19  1:28  SCV  
  19  1:31  Marine  
  21  1:43  Orbital Command  
  21  1:44  Factory  
  21  1:48  Supply Depot  
  21  1:49  Marine  
  22  2:14  Marine  
  22  2:15  SCV  
  24  2:22  Refinery  
  24  2:27  SCV  
  24  2:29  Supply Depot, Starport, Factory Tech Lab  
  25  2:39  SCV  
  25  2:41  Marine  
  26  2:52  SCV  
  27  2:59  Marine  
  27  3:04  SCV  
  29  3:11  Cloaking Field  
  29  3:13  Banshee  
  29  3:17  Command Center  
  29  3:18  Marine  
  33  3:27  Factory Tech Lab  
  33  3:37  Supply Depot  
  33  3:39  SCV  
  34  3:49  Marine  
  35  3:58  Command Center  
  35  4:01  SCV  
  36  4:06  Raven  
  36  4:07  Marine  
  36  4:48  Barracks Reactor  
  36  4:59  Siege Tank  
  39  5:03  Orbital Command  
  38  5:13  SCV  
  35  5:25  SCV  
  36  5:29  Barracks x2  
  36  5:32  Marine x2  
  38  5:37  SCV  
  35  5:50  Marine x2  
  35  5:55  Viking  
  32  6:07  Marine  
  32  6:08  Marine  
  33  6:11  Engineering Bay  
  33  6:14  SCV  
  33  6:18  SCV x2  
  36  6:25  Barracks Reactor, Marine x2  
  38  6:33  Orbital Command  
  38  6:38  SCV  
  38  6:39  Orbital Command  
  39  6:50  SCV  
  39  6:53  Marine x2  
  42  7:02  Marine x3  
  42  7:07  Refinery  
  45  7:11  Missile Turret, Marine x2  
  45  7:12  Refinery  
  45  7:14  SCV x2  
  49  7:17  Orbital Command  
  49  7:19  Marine x2  
  51  7:26  SCV x2  
  45  7:38  SCV x2  
  45  7:42  Marine x3  
  50  7:46  SCV  
  50  7:50  SCV x2  
  53  7:57  Starport Reactor  
  54  7:58  SCV, Marine x2  
  54  8:00  Marine  
  54  8:02  SCV x2  
  59  8:10  SCV  
  59  8:11  Marine  
  59  8:12  Marine  
  62  8:14  SCV x2  
Show
View Real Time Build Order
Export as new Build Order

LilDicky Terran 

Build Orders:  

Get SALT Encoding   

  12  0:02  SCV  
  13  0:14  SCV  
  13  0:19  Supply Depot  
  14  0:26  SCV  
  15  0:31  Refinery  
  15  0:40  SCV  
  16  0:46  Barracks  
  16  0:56  SCV  
  17  1:08  SCV  
  18  1:20  SCV  
  20  1:33  Marine  
  20  1:36  Supply Depot  
  21  1:43  Orbital Command  
  20  1:49  Factory  
  20  1:51  Marine  
  21  1:57  Refinery  
  21  2:09  Marine  
  21  2:15  SCV  
  23  2:26  Marine  
  23  2:27  SCV  
  25  2:35  Supply Depot  
  25  2:36  Starport  
  25  2:37  Hellion  
  27  2:45  SCV  
  28  2:57  SCV  
  29  2:59  Hellion  
  29  3:05  Command Center  
  31  3:07  Marine  
  31  3:12  Medivac  
  35  3:21  Supply Depot  
  35  3:23  Engineering Bay  
  35  3:27  SCV  
  35  3:28  Hellion  
  37  3:35  Marine  
  38  3:42  Starport Tech Lab  
  38  3:58  SCV, Missile Turret, Marine  
  38  4:01  Banshee, Cloaking Field  
  31  4:42  Orbital Command  
  31  4:44  Banshee  
  31  4:45  Supply Depot  
  27  5:36  Marine  
  27  5:37  Viking  
  27  5:57  Factory Tech Lab, Orbital Command  
  27  5:58  Marine  
  28  6:09  Barracks  
  25  6:12  Barracks  
  25  6:13  Barracks  
  25  6:14  SCV, Barracks  
  25  6:15  Banshee  
  30  6:32  SCV, Marine  
  30  6:34  Siege Tank  
  30  6:38  SCV  
  35  6:45  SCV  
  36  6:50  SCV, Marine  
  38  6:56  Marine  
  38  6:57  SCV  
  40  7:01  Barracks Tech Lab  
  40  7:02  SCV  
  41  7:08  Reaper  
  41  7:09  SCV  
  41  7:13  Siege Tank  
  41  7:15  Supply Depot  
  46  7:16  SCV  
  46  7:19  Banshee  
  39  7:40  Marine x2  
  39  7:41  Marine x2  
  43  7:49  SCV  
  43  7:50  SCV  
  43  7:51  Siege Tank  
  48  7:52  Supply Depot  
  48  8:01  Barracks Reactor  
  48  8:02  Marine x2  
  48  8:03  Starport  
  48  8:05  Marine x2  
  50  8:11  Refinery x2  
Tags
 
Add a new tag
Caveats
  • Supply blocks, unpowered buildings, or Contaminate may cause inaccurate times.
  • Supply counts are checked every 10 seconds.